 Dungeon Crawl Stone Soup version 0.28.0-47-ge53b351184 (webtiles) character file.

Game seed: 8789895377944301025

166110 firemarshallily the Tortoise (level 17, -2/213 HPs)
             Began as a Demonspawn Gladiator on Apr 28, 2022.
             Was an Initiate of Yredelemnul.
             Slain by a rakshasa
             ... wielding a +0 whip
              (6 damage)
             ... on level 3 of the Abyss.
             The game lasted 04:11:47 (29287 turns).

firemarshallily the Tortoise (DsGl)                Turns: 29287, Time: 04:11:49

Health: -2/213     AC: 32    Str: 33    XL:     17   Next: 29%
Magic:  18/18      EV:  2    Int:  5    God:    Yredelemnul [......]
Gold:   2091       SH:  0    Dex: 17    Spells: 16/16 levels left

rFire   + . .      SeeInvis .   U - +5 long sword (protect)
rCold   x . .      Faith    .   (no shield)
rNeg    . . .      Spirit   .   (armour currently unavailable)
rPois   +          Reflect  .   (helmet currently unavailable)
rElec   .          Harm     .   (cloak currently unavailable)
rCorr   .          Rampage  .   (gloves currently unavailable)
Will    +....      NoTele   +   (boots currently unavailable)
Stlth   ++........              p - amulet of Lecvidou {rF+ rC- Regen+ Str+6}
HPRegen 0.00/turn               r - +6 ring of strength
MPRegen 0.16/turn               w - +4 ring of protection

@: mighty, tree-form, sick, invisible
A: stationary, stasis, torment immunity, boosted hp, (horns 2), (yellow scales
2), demonic guardian 2, (spiny 3), (deformed body), dopey 1[+1], [low MP 2]
a: Renounce Religion, Recall Undead Harvest


You were on level 3 of the Abyss.
You worshipped Yredelemnul.
Yredelemnul was aware of your devotion.
You were a tree.
You visited 4 branches of the dungeon, and saw 26 of its levels.
You visited the Abyss 2 times.
You also visited: Gauntlet and Ice Cave.

You collected 2903 gold pieces.
You spent 812 gold pieces at shops.

Inventory:

Hand Weapons
 h - a +5 vorpal scimitar
 D - a +4 scimitar of flaming
 G - a +3 scimitar of freezing
 U - a +5 long sword of protection (weapon)
Missiles
 d - 5 throwing nets
 g - 15 boomerangs
 x - 32 poisoned darts (quivered)
 N - 5 silver javelins
 Q - 2 javelins
Armour
 a - a +2 cloak (melded)
 b - the +0 plate armour of the Slorg {rPois Regen+ MP+9 Stlth+}
   (You found it on level 1 of the Orcish Mines)

   rPois:     It protects you from poison.
   MP:        It affects your magic capacity (+9).
   Regen:     It increases your rate of health regeneration.
   Stlth:     It makes you more stealthy.
 i - the +1 hat "Ackeot" (melded) {rPois Str+4}
   (You acquired it on level 2 of the Orcish Mines)

   Str:       It affects your strength (+4).
   rPois:     It protects you from poison.
 u - a +2 pair of boots (melded)
 y - a +2 pair of gloves (melded)
 I - the +9 ring mail of Day (melded) {SInv}
   (You found it on level 14 of the Dungeon)

   SInv:      It lets you see invisible.
 Y - +2 ice dragon scales
Jewellery
 p - the amulet of Lecvidou (around neck) {rF+ rC- Regen+ Str+6}
   (You found it on level 7 of the Dungeon)

   [amulet of regeneration]

   Str:       It affects your strength (+6).
   rF:        It protects you from fire.
   rC:        It makes you vulnerable to cold.
   Regen:     It increases your rate of health regeneration.
 r - a +6 ring of strength (left branch)
 w - a +4 ring of protection (right branch)
 z - a +6 ring of strength
 A - the ring of the Median {Fire rCorr}
   (You took it off a minotaur in a Gauntlet)

   [ring of fire]

   It enhances your fire magic.
   rF:        It protects you from fire.
   rC:        It makes you vulnerable to cold.
   rCorr:     It protects you from acid and corrosion.
 H - a ring of protection from cold
Wands
 o - a wand of acid (6)
 v - a wand of charming (7)
 E - a wand of iceblast (12)
 M - a wand of flame (7)
 O - a wand of paralysis (10)
 P - a wand of polymorph (14)
 V - a wand of mindburst (5)
Scrolls
 e - 3 scrolls of fear
 K - a scroll of identify
 R - 3 scrolls of fog
 T - 3 scrolls of magic mapping
Potions
 f - a potion of magic
 k - 3 potions of resistance
 m - a potion of cancellation
 n - a potion of lignification
 s - a potion of might
 B - 2 potions of brilliance
 F - a potion of flight
 L - a potion of attraction {unknown}
 W - a potion of berserk rage
Miscellaneous
 j - a condenser vane
 l - a phantom mirror
 C - a phial of floods
 X - a box of beasts (inert)


   Skills:
 * Level 15.4 Fighting
 - Level 14.0 Long Blades
 * Level 9.9 Throwing
 * Level 16.8 Armour
 + Level 6.7 Dodging
 - Level 8.5 Invocations
 + Level 7.8 Evocations


You had 16 spell levels left.
You didn't know any spells.
Your spell library contained the following spells:

 Spells                   Type           Power      Damage    Failure   Level
 Beastly Appendage        Tmut           0%         N/A       47%         1
 Foxfire                  Conj/Fire      0%         2x1d4     47%         1
 Magic Dart               Conj           0%         1d3       47%         1
 Shock                    Conj/Air       0%         1d3       47%         1
 Sting                    Tmut/Pois      0%         1d3       47%         1
 Call Imp                 Summ           0%         N/A       63%         2
 Poisonous Vapours        Pois/Air       0%         N/A       63%         2
 Searing Ray              Conj           0%         2d4       63%         2
 Conjure Flame            Conj/Fire      0%         6-21      85%         3
 Inner Flame              Hex/Fire       0%         N/A       85%         3
 Swiftness                Air            0%         N/A       85%         3
 Tukima's Dance           Hex            0%         N/A       85%         3
 Airstrike                Air            0%         N/A       99%         4
 Flame Wave               Conj/Fire      0%         2d4       99%         4
 Fulminant Prism          Conj/Hex       0%         3d6       99%         4
 Olgreb's Toxic Radiance  Pois           0%         N/A       99%         4
 Passage of Golubria      Tloc           0%         N/A       99%         4
 Blade Hands              Tmut           0%         N/A       100%        5
 Silence                  Hex/Air        0%         N/A       100%        5
 Yara's Violent Unravell  Hex/Tmut       0%         3d3       100%        5
 Statue Form              Tmut/Erth      0%         N/A       100%        6
 Lehudib's Crystal Spear  Conj/Erth      0%         10d2      100%        8


Dungeon Overview and Level Annotations

Branches:
Dungeon (15/15)            Temple (0/1) D:4            Lair (6/6) D:10
 Shoals (0/4) Lair:2        Snake (0/4) Lair:2        Slime (0/5) Lair:5
    Orc (2/2) D:12            Elf (3/3) Orc:2        Vaults (0/5) D:14
 Depths (0/4) D:15          IceCv (visited)         Gauntlet (visited)

Altars:
Cheibriados
Dithmenos
Elyvilon
Fedhas
Gozag
Kikubaaqudgha
Makhleb
Vehumet
Wu Jian
Xom
Yredelemnul

Shops:
D:2 !   D:12 =   Orc:2 ?[((   Elf:1 *   Elf:3 *

Portals:
Hell: Lair:6

Annotations:
D:11 3 runed translucent doors, 5 exclusions, issech's ghost, journeyman TrFi
D:13 2 transporters, exclusion: obsidian statue, nickcage's ghost, journeyman DEIE


Innate Abilities, Weirdness & Mutations

You are a tree.
Your roots penetrate the ground, keeping you stationary.
You cannot be teleported.
You are immune to unholy pain and torment.
Your maximum health is greatly increased.
Your equipment is partially melded.
((You have a pair of horns on your head.))
((You are mostly covered in yellow scales. (AC +3)))
A demonic guardian rushes to your aid.
((You are completely covered in sharp spines.))
((Armour fits poorly on your strangely shaped body.))
[You are very dopey. (Int -4)]
[Your magical capacity is very low. (-20% MP)]


Message History

...and a juvenile weirdshock beast leaps out!
The box is emptied!
The spatial maelstrom hits you but does no damage.
The spatial maelstrom hits you.
* * * LOW HITPOINT WARNING * * *
Space warps around you.
* * * LOW HITPOINT WARNING * * *
The rakshasa completely misses you.
You fade into invisibility!
The raiju bursts into living lightning!
The living lightning hits you.
* * * LOW HITPOINT WARNING * * *
The raiju blinks! x2
The rakshasa weaves an illusion.
The spatial maelstrom shimmers and seems to become two!
A spatial vortex comes into view.
As you read the scroll of fog, it crumbles to dust.
The scroll dissolves into smoke.
The spatial maelstrom hits your juvenile weirdshock beast.
Space warps horribly around your juvenile weirdshock beast!!
The spatial maelstrom barely misses your juvenile weirdshock beast.
The spatial maelstrom hits your juvenile weirdshock beast.
The spatial maelstrom hits your juvenile weirdshock beast but does no damage.
The will-o-the-wisp engulfs you but does no damage.
The raiju bites you but does no damage.
The spatial maelstrom hits your juvenile weirdshock beast.
Space warps horribly around your juvenile weirdshock beast!
The spatial maelstrom hits your juvenile weirdshock beast!
Your juvenile weirdshock beast dies!
Your juvenile weirdshock beast's corpse disappears in a puff of smoke!
The rakshasa hits you but does no damage.
You feel very mighty all of a sudden.
The will-o-the-wisp engulfs you but does no damage.
The raiju bursts into living lightning!
The living lightning hits you but does no damage.
The living lightning hits the will-o-the-wisp.
The will-o-the-wisp resists.
The raiju blinks!
The rakshasa hits you with a +0 whip.
You die...
Your body rises from the dead as a mindless zombie.

. X.§#. #. # #.
...
.X.#.#.#§..#.#. #.
# ..# .#..#
...#...#. .
##X..X#..#..... ##
#..#.§## ..#.# ..#
.# #.#.##v
.§XZ###. ###.##.
##.X#v#.##v#.1.
§§§...# #..#
...X.....##§§.....
#.## ...1x
#..v#♣§v..... .
....
####.#.1vR§§.....
# .. ..#
##.h§..§...#.
#.#.....
###.##v#.### ....
. ###..v..# . ##
.v.# .##### ..#..#
## .. .


You could see a Hell Sentinel, 2 spatial maelstroms, a rakshasa, a spatial
vortex (wandering), a will-o-the-wisp and a raiju.

Vanquished Creatures
  A shard shrike (IceCv)
  A deep elf demonologist (Elf:2)
  A minotaur (Gauntlet)
  Azrael (D:15)
  The ghost of GilGalad the Fighter, a journeyman DDFi of Makhleb (Orc:1)
  A white draconian (IceCv)
  3 deep elf death magi (Elf:1)
  Josephine (D:15)
  4 rakshasas
  A great orb of eyes (Gauntlet)
  An ice dragon (IceCv)
  A boulder beetle (D:14)
  Harold (D:7)
  6 hydras
  Fannar (D:12)
  A hell beast (Lair:6)
  2 catoblepae
  3 ironbound frosthearts (IceCv)
  A spriggan zombie (Abyss:2)
  An ogre mage (D:15)
  Erolcha (D:9)
  15 dancing weapons
  2 centaur warriors
  A hell hog (Abyss:4)
  2 tengu warriors (D:13)
  2 two-headed ogres
  2 death yaks (Lair:4)
  Urug (D:12)
  2 thrashing horrors (Abyss:3)
  2 orc high priests (Orc:2)
  7 deep elf knights
  A sixfirhy (Abyss:2)
  2 spatial maelstroms (Abyss:2)
  2 wretched stars (Abyss:3)
  4 skeletal warriors (D:13)
  An orange crystal statue (IceCv)
  A flayed ghost (Abyss:3)
  12 deep elf archers
  A wizard (Lair:6)
  6 orc knights
  16 deep elf zephyrmancers
  26 deep elf pyromancers
  4 orc sorcerers
  3 manticores
  26 ugly things
  A cyclops (D:15)
  A worldbinder (Abyss:3)
  A salamander (shapeshifter) (Elf:3)
  4 black mambas
  15 cane toads
  3 torpor snails
  A minotaur zombie (Gauntlet)
  7 komodo dragons
  2 unseen horrors
  13 rime drakes
  A kobold demonologist (D:14)
  2 freezing wraiths (D:14)
  Psyche (D:12)
  2 efreet (D:13)
  An ice devil (Lair:6)
  2 red devils (Lair:6)
  An ancient zyme (Abyss:2)
  6 tengu conjurers
  3 trolls
  2 meliai (D:15)
  7 large abominations
  17 polar bears
  A raiju (Abyss:3)
  13 blink frogs
  A harpy skeleton (Abyss:4)
  A tarantella (shapeshifter) (D:13)
  11 slime creatures
  4 dream sheep (Lair:5)
  2 centaur simulacra
  3 air elementals
  A shadow (Abyss:3)
  A ynoxinul (Abyss:3)
  6 wraiths
  A yak (shapeshifter) (Abyss:4)
  5 basilisks
  6 fire elementals
  37 yaks
  3 wyverns
  3 chaos spawn
  4 vampire mosquitoes (D:13)
  2 neqoxecs (Abyss:2)
  2 steam dragons
  An elf zombie (Elf:2)
  10 wargs
  4 nagas (Lair:2)
  3 hell hounds
  11 water moccasins
  26 orc warriors
  4 small abominations
  2 black bears
  A sky beast (D:7)
  2 necrophages
  12 wolves
  7 ogres
  13 centaurs
  2 kobold brigands
  9 scorpions
  7 bullfrogs
  A wyvern zombie (D:7)
  An earth elemental (Elf:1)
  A wyvern skeleton (D:7)
  2 water moccasin skeletons (D:7)
  A vampire bat (Lair:3)
  8 killer bees
  8 wights
  An electric eel (Orc:2)
  5 howler monkeys
  6 centaur zombies
  A quasit (Abyss:2)
  4 hounds
  3 jellies
  2 gnoll shamans (D:7)
  14 orc priests
  Natasha (D:3)
  2 iguanas
  A scorpion zombie (D:5)
  21 orc wizards
  12 adders
  9 gnolls
  A white imp (Abyss:3)
  2 ufetubi
  An adder zombie (D:6)
  An adder skeleton (D:4)
  A worm (D:2)
  A dart slug (D:1)
  60 orcs
  4 ball pythons
  4 endoplasms
  3 giant cockroaches
  6 goblins
  10 hobgoblins
  12 jackals
  27 kobolds
  3 quokkas
  12 bats
  A frilled lizard (D:3)
  6 rats
  A plant (Lair:6)
749 creatures vanquished.

Vanquished Creatures (collateral kills)
  A dire elephant (Lair:6)
  5 hydras
  A boulder beetle (D:14)
  A death knight (D:14)
  A two-headed ogre (D:10)
  3 death yaks (Lair:4)
  A thrashing horror (Abyss:2)
  An orc high priest (Orc:2)
  2 deep elf knights
  A glowing orange brain (D:15)
  A deep elf archer (Elf:1)
  A necromancer (Abyss:4)
  An orc knight (Orc:2)
  9 ugly things
  2 deep elf zephyrmancers
  A salamander (shapeshifter) (D:15)
  3 deep elf pyromancers
  8 elephants
  2 cyclopes
  A smoke demon (Lair:6)
  A guardian serpent (shapeshifter) (D:14)
  Joseph (Lair:1)
  A black mamba (Lair:6)
  6 cane toads
  2 orange demons (Lair:6)
  7 rime drakes
  A freezing wraith (D:14)
  4 komodo dragons
  A red devil (Lair:6)
  A meliai (D:15)
  4 polar bears
  A troll (D:7)
  3 blink frogs
  A slime creature (D:15)
  A ynoxinul (Abyss:2)
  2 basilisks
  25 yaks
  2 wraiths
  2 vampire mosquitoes (D:13)
  A neqoxec (Abyss:2)
  Menkaure (D:4)
  A warg (D:12)
  5 water moccasins
  3 hell hounds (Lair:6)
  An ogre (D:4)
  6 orc warriors
  A black bear (D:10)
  2 centaurs
  3 wolves
  A kobold brigand (D:10)
  A bullfrog (D:7)
  3 scorpions
  2 electric eels (Lair:2)
  2 orc priests
  A bullfrog skeleton (D:4)
  A centaur zombie (D:10)
  A gnoll shaman (D:9)
  An iguana (D:5)
  5 orc wizards
  Natasha (twice) (D:3)
  3 gnolls
  An adder skeleton (D:4)
  12 orcs
  An endoplasm (D:4)
  2 goblins (D:4)
  A hobgoblin (D:3)
  A frilled lizard (D:3)
  A bush (Lair:6)
  A butterfly (Lair:2)
  A fungus (Lair:6)
180 creatures vanquished.

Vanquished Creatures (others)
  A deep elf knight (Elf:3)
  A deep elf pyromancer (Elf:1)
  A deep elf zephyrmancer (Elf:1)
  16 ugly thing zombies
  A hell hog zombie (Abyss:4)
  2 spectral efreet
  5 spectral slime creatures
  A white draconian zombie (IceCv)
  An eye of devastation (shapeshifter) (D:13)
  A spectral unseen horror (D:13)
  A hydra zombie (Gauntlet)
  A tarantella zombie (D:13)
  A guardian serpent zombie (D:14)
  A meliai zombie (D:15)
  A black mamba zombie (Lair:4)
  2 two-headed ogre zombies
  5 cane toad zombies
  A sky beast (D:7)
  2 human zombies
  20 elf zombies
  4 blink frog zombies
  A dream sheep zombie (Lair:5)
  A torpor snail zombie (Gauntlet)
  A vampire mosquito zombie (D:13)
  4 rime drake zombies (IceCv)
  A spectral neqoxec (Abyss:2)
  2 komodo dragon zombies
  4 hell hound zombies
  4 water moccasin zombies
  A cyclops zombie (D:7)
  A raiju zombie (Abyss:3)
  3 warg zombies
  8 polar bear zombies
  4 tengu zombies (D:13)
  2 troll zombies
  13 yak zombies
  6 wolf zombies
  4 centaur zombies
  5 bullfrog zombies
  A basilisk zombie (Lair:4)
  A black bear zombie (Lair:1)
  2 scorpion zombies
  4 killer bee zombies
  A necrophage zombie (D:8)
  3 ogre zombies
  A spectral quasit (Abyss:2)
  A howler monkey zombie (D:12)
  A spectral jelly (D:7)
  A steam dragon zombie (D:7)
  3 adder zombies
  An electric eel zombie (Lair:2)
  A spectral white imp (Abyss:3)
  An orc (D:7)
  7 bat zombies
  3 gnoll zombies (D:7)
  A frilled lizard zombie (D:3)
  A giant cockroach zombie (D:3)
  3 hobgoblin zombies (D:3)
  A jackal zombie (D:3)
  8 kobold zombies
  71 orc zombies
  A rat zombie (D:3)
  A spectral endoplasm (D:3)
  A spectral ufetubus (Abyss:2)
  17 demonic plants (Gauntlet)
  3 foxfires (Abyss:3)
  68 fungi
  A lurking horror (Abyss:2)
  83 plants
  17 starspawn tentacles
443 creatures vanquished.

Grand Total: 1372 creatures vanquished

Notes
Turn   | Place    | Note
-------+----------+-------------------------------------------
     0 | D:1      | firemarshallily the Demonspawn Gladiator began the quest
                  | for the Orb.
     0 | D:1      | Reached XP level 1. HP: 16/16 MP: 1/1
   213 | D:1      | Gained mutation: You are partially covered in sharp spines.
                  | [demonic ancestry]
   213 | D:1      | Reached XP level 2. HP: 22/22 MP: 2/2
   496 | D:1      | Gained mutation: A weak demonic guardian rushes to your
                  | aid. [demonic ancestry]
   496 | D:1      | Reached XP level 3. HP: 23/28 MP: 3/3
   836 | D:2      | Found a radiant altar of Vehumet.
   883 | D:2      | Reached skill level 1 in Armour
  1085 | D:2      | Found Vewkidghe's Distillery.
  1109 | D:2      | Reached XP level 4. HP: 17/34 MP: 4/4
  1111 | D:2      | Bought a potion of degeneration for 14 gold pieces
  1532 | D:2      | Found a faded altar of an unknown god.
  1540 | D:2      | Prayed at the altar of an unknown god.
  1540 | D:2      | Became a worshipper of Yredelemnul the Dark
  1540 | D:2      | Reached * piety under Yredelemnul
  1655 | D:3      | Noticed Natasha
  1675 | D:3      | Killed Natasha
  2047 | D:3      | Reached XP level 5. HP: 41/41 MP: 5/5
  2124 | D:3      | Noticed Natasha
  2132 | D:3      | Killed Natasha
  2133 | D:3      | Reached skill level 2 in Armour
  2155 | D:3      | Reached ** piety under Yredelemnul
  2165 | D:3      | Reached skill level 1 in Invocations
  2302 | D:3      | Noticed Natasha
  2321 | D:3      | Killed Natasha
  2533 | D:3      | Found an opulent altar of Gozag.
  2536 | D:3      | Found an ancient bone altar of Kikubaaqudgha.
  2657 | D:4      | Noticed an ogre
  2751 | D:4      | Found a staircase to the Ecumenical Temple.
  2913 | D:4      | Gained mutation: You are partially covered in yellow
                  | scales. (AC +2) [demonic ancestry]
  2913 | D:4      | Reached XP level 6. HP: 47/47 MP: 7/7
  2945 | D:4      | Reached skill level 3 in Armour
  2961 | D:4      | Gained mutation: You are mostly covered in sharp spines.
                  | [demonic ancestry]
  2961 | D:4      | Reached XP level 7. HP: 10/53 MP: 8/8
  3221 | D:4      | Found a snail-covered altar of Cheibriados.
  3357 | D:4      | Reached skill level 5 in Long Blades
  3598 | D:4      | Reached *** piety under Yredelemnul
  3633 | D:4      | Reached skill level 4 in Armour
  3957 | D:4      | Noticed Menkaure
  3969 | D:4      | Killed Menkaure
  4332 | D:4      | Reached XP level 8. HP: 60/60 MP: 10/10
  4500 | D:5      | Entered Level 5 of the Dungeon
  4629 | D:5      | Found a shimmering altar of Xom.
  5031 | D:5      | Reached skill level 5 in Armour
  5411 | D:5      | Noticed a troll
  5705 | D:6      | Reached skill level 5 in Invocations
  5768 | D:6      | Reached skill level 5 in Fighting
  6225 | D:6      | Gained mutation: Potions are less effective at restoring
                  | your health. [potion of mutation]
  6225 | D:6      | Gained mutation: You tend to lose your temper in combat.
                  | [potion of mutation]
  6226 | D:6      | Lost mutation: Potions are less effective at restoring your
                  | health. [potion of mutation]
  6226 | D:6      | Lost mutation: You tend to lose your temper in combat.
                  | [potion of mutation]
  6226 | D:6      | Gained mutation: You are clumsy. (Dex -2) [potion of
                  | mutation]
  6226 | D:6      | Gained mutation: You are very clumsy. (Dex -4) [potion of
                  | mutation]
  6226 | D:6      | Gained mutation: You passively map a small area around you.
                  | [potion of mutation]
  6226 | D:6      | Gained mutation: You have a pair of small horns on your
                  | head. [potion of mutation]
  6827 | D:7      | Identified the amulet of Lecvidou {rF+ rC- Regen+ Str+6}
  6868 | D:7      | Reached XP level 9. HP: 68/68 MP: 13/13
  6872 | D:7      | Reached skill level 6 in Armour
  7147 | D:7      | Noticed Harold
  7220 | D:7      | Killed Harold
  7243 | D:7      | Your ally Harold died
  7592 | D:7      | Reached skill level 7 in Armour
  7859 | D:7      | Noticed a troll
  7866 | D:7      | Killed a troll
  7867 | D:7      | Mutation became permanent: You have a pair of small horns
                  | on your head. [demonic ancestry]
  7867 | D:7      | Gained mutation: You have a pair of small horns on your
                  | head. [demonic ancestry]
  7867 | D:7      | Reached XP level 10. HP: 56/76 MP: 15/15
  7881 | D:7      | Noticed a deep elf pyromancer
  7887 | D:7      | Noticed a cyclops
  7906 | D:7      | Killed a cyclops
  7928 | D:7      | Killed a deep elf pyromancer
  7975 | D:7      | Noticed a boulder beetle
  7990 | D:7      | Noticed an ogre mage
  8003 | D:7      | Noticed a two-headed ogre
  8165 | D:8      | Reached skill level 8 in Armour
  9249 | D:9      | Found an ornate altar of the Wu Jian Council.
  9700 | D:9      | Found a shadowy altar of Dithmenos.
  9740 | D:9      | Noticed Erolcha
  9759 | D:9      | Killed Erolcha
  9760 | D:9      | Reached skill level 9 in Armour
  9760 | D:9      | Gained mutation: A demonic guardian rushes to your aid.
                  | [demonic ancestry]
  9760 | D:9      | Reached XP level 11. HP: 84/84 MP: 17/17
  9881 | D:9      | Found a basalt altar of Yredelemnul.
  9964 | D:10     | Entered Level 10 of the Dungeon
 10223 | D:10     | Noticed a two-headed ogre
 10230 | D:10     | Killed a two-headed ogre
 10383 | D:9      | Reached skill level 10 in Long Blades
 10515 | D:10     | Noticed a two-headed ogre
 10542 | D:10     | Killed a two-headed ogre
 10575 | D:10     | Found a staircase to the Lair.
 10864 | D:11     | Noticed a four-headed hydra
 10872 | D:11     | Killed a four-headed hydra
 10873 | D:11     | Reached skill level 10 in Armour
 10991 | D:11     | Found a runed translucent gate.
 10991 | D:11     | Found a runed translucent gate.
 10991 | D:11     | Found a runed translucent gate.
 10992 | D:11     | Found an opulent altar of Gozag.
 10993 | D:11     | Noticed a storm dragon
 10993 | D:11     | Noticed issech's ghost (journeyman TrFi)
 11328 | D:11     | Reached **** piety under Yredelemnul
 11626 | D:12     | Found Aghatu Vywk's Jewellery Boutique.
 11634 | D:12     | Noticed Urug
 11644 | D:12     | Killed Urug
 11713 | D:12     | Noticed Psyche
 11843 | D:12     | Killed Psyche
 11946 | D:12     | Noticed a deep elf pyromancer
 11957 | D:12     | Killed a deep elf pyromancer
 11958 | D:12     | Gained mutation: You are mostly covered in yellow scales.
                  | (AC +3) [demonic ancestry]
 11958 | D:12     | Reached XP level 12. HP: 60/94 MP: 18/18
 12094 | D:12     | Noticed Fannar
 12113 | D:12     | Killed Fannar
 12154 | D:12     | Reached skill level 11 in Armour
 12214 | D:12     | Found a staircase to the Orcish Mines.
 12575 | D:13     | Noticed a centaur warrior
 12576 | D:13     | Noticed a fire giant
 12576 | D:13     | Noticed a five-headed hydra
 12578 | D:13     | Noticed a boulder beetle
 12680 | Lair:1   | Entered Level 1 of the Lair of Beasts
 12774 | Lair:1   | Noticed Joseph
 12798 | Lair:1   | Killed Joseph
 12836 | Lair:1   | Reached ***** piety under Yredelemnul
 13620 | Lair:2   | Reached skill level 12 in Armour
 13680 | Lair:2   | Found a staircase to the Shoals.
 13849 | Lair:2   | Noticed a four-headed hydra
 13860 | Lair:2   | Killed a four-headed hydra
 14230 | Lair:2   | Found a staircase to the Snake Pit.
 14553 | Lair:3   | Gained mutation: You have a pair of horns on your head.
                  | [demonic ancestry]
 14553 | Lair:3   | Reached XP level 13. HP: 59/103 MP: 19/19
 14746 | Lair:3   | Reached skill level 10 in Fighting
 15578 | Lair:4   | Found a gate leading to a gauntlet.
 15633 | Lair:4   | Reached skill level 13 in Armour
 15636 | Lair:4   | Reached ****** piety under Yredelemnul
 15758 | Gauntlet | Entered a Gauntlet
 15758 | Gauntlet | Found a transporter.
 15758 | Gauntlet | Found a transporter.
 15758 | Gauntlet | Found a transporter.
 15778 | Gauntlet | Found a transporter.
 15791 | Gauntlet | Found a transporter.
 15812 | Gauntlet | Found a transporter.
 15820 | Gauntlet | Found a transporter.
 15827 | Gauntlet | Found a transporter.
 15837 | Gauntlet | Found a transporter.
 15838 | Gauntlet | Found a transporter.
 15844 | Gauntlet | Found a transporter.
 15844 | Gauntlet | Found a transporter.
 16006 | Gauntlet | Identified the +4 helmet "Biuniam" {rElec rPois Slay-3
                  | Stlth+}
 16078 | Gauntlet | Lost mutation: You passively map a small area around you.
                  | [potion of mutation]
 16078 | Gauntlet | Lost mutation: You are very clumsy. (Dex -4) [potion of
                  | mutation]
 16078 | Gauntlet | Lost mutation: You are clumsy. (Dex -2) [potion of
                  | mutation]
 16078 | Gauntlet | Gained mutation: Your natural rate of healing is unusually
                  | fast. [potion of mutation]
 16078 | Gauntlet | Gained mutation: Your flesh is cold resistant. (rC+)
                  | [potion of mutation]
 16100 | Gauntlet | Identified the amulet "Notogy" {rF+ Regen+}
 16121 | Gauntlet | Identified the ring of the Median {Fire rCorr}
 16121 | Gauntlet | Noticed a minotaur
 16143 | Gauntlet | Killed a minotaur
 16215 | Gauntlet | Identified the +10 trident "Liwneosch" {distort, SInv}
 16757 | Lair:5   | Gained mutation: You are completely covered in sharp
                  | spines. [demonic ancestry]
 16757 | Lair:5   | Reached XP level 14. HP: 113/113 MP: 20/20
 16880 | Lair:5   | Found a staircase to the Slime Pits.
 16917 | Lair:5   | Reached skill level 1 in Evocations
 17456 | Lair:5   | Reached skill level 14 in Armour
 17689 | Lair:6   | Entered Level 6 of the Lair of Beasts
 17977 | Lair:6   | Cast into level 2 of the Abyss (a wizard)
 17977 | Abyss:2  | Found a corrupted altar of Lugonu.
 18214 | Abyss:2  | Noticed a tentacled starspawn
 18243 | Abyss:2  | Found a shimmering blue altar of Sif Muna.
 18279 | Abyss:2  | Noticed a purple draconian shifter
 18284 | Abyss:2  | Gained mutation: Armour fits poorly on your strangely
                  | shaped body. [a neqoxec]
 18443 | Abyss:2  | Noticed a tentacled starspawn
 18474 | Abyss:2  | Noticed a tentacled starspawn
 18491 | Abyss:2  | Noticed a brown very ugly thing
 18491 | Abyss:3  | Found a corrupted altar of Lugonu.
 18658 | Lair:6   | Escaped the Abyss
 18682 | Lair:6   | Lost mutation: Your natural rate of healing is unusually
                  | fast. [potion of mutation]
 18682 | Lair:6   | Lost mutation: Your flesh is cold resistant. (rC+) [potion
                  | of mutation]
 18682 | Lair:6   | Lost mutation: Armour fits poorly on your strangely shaped
                  | body. [potion of mutation]
 18682 | Lair:6   | Gained mutation: [You are dopey. (Int -2)] [potion of
                  | mutation]
 18757 | Lair:6   | Found a burning altar of Makhleb.
 18886 | Lair:6   | Found a gateway to Hell.
 18898 | Lair:6   | Identified the +1 ring mail of Honesty {rF- Will++}
 19890 | Orc:1    | Entered Level 1 of the Orcish Mines
 19973 | Orc:1    | Found a runed translucent door.
 19978 | Orc:1    | Noticed GilGalad's ghost (journeyman DDFi)
 20023 | Orc:1    | Killed GilGalad's ghost
 20033 | Orc:1    | Identified the +0 plate armour of the Slorg {rPois Regen+
                  | MP+9 Stlth+}
 20096 | Orc:2    | Entered Level 2 of the Orcish Mines
 20723 | Orc:2    | Found a staircase to the Elven Halls.
 20921 | Orc:2    | Reached skill level 5 in Throwing
 20921 | Orc:2    | Reached XP level 15. HP: 111/122 MP: 21/21
 21136 | Orc:2    | Gained mutation: Armour fits poorly on your strangely
                  | shaped body. [a neqoxec]
 21330 | Orc:2    | Reached skill level 15 in Armour
 21338 | Orc:2    | Found Niogot's Magic Scroll Shop.
 21338 | Orc:2    | Found Ecluaruss's Antique Armour Shoppe.
 21341 | Orc:2    | Found Xaiphit's Weapon Shoppe.
 21341 | Orc:2    | Found Xinam's Weapon Shop.
 21353 | Orc:2    | Bought a scroll of identify for 28 gold pieces
 21353 | Orc:2    | Bought a scroll of identify for 28 gold pieces
 21353 | Orc:2    | Bought a scroll of identify for 28 gold pieces
 21353 | Orc:2    | Bought a scroll of identify for 28 gold pieces
 21353 | Orc:2    | Identified a scroll of acquirement
 21354 | Orc:2    | Acquired the +1 hat "Ackeot" {rPois Str+4}
 21372 | Orc:2    | Bought a fine scale mail for 252 gold pieces
 21372 | Orc:2    | Identified the +2 scale mail "Eledd" {*Slow rPois Slay+3}
                  | (You bought it in a shop on level 2 of the Orcish Mines)
 21375 | Orc:2    | Bought a glowing scale mail for 196 gold pieces
 21568 | Orc:1    | Paralysed by an orc sorcerer for 7 turns
 21947 | D:2      | Bought a potion of curing for 42 gold pieces
 21947 | D:2      | Bought a potion of might for 56 gold pieces
 21947 | D:2      | Bought a potion of haste for 140 gold pieces
 22183 | D:13     | You fall into a shaft and drop 2 floors!
 22183 | D:15     | Entered Level 15 of the Dungeon
 22482 | D:15     | Noticed Josephine
 22484 | D:15     | Reached skill level 5 in Evocations
 22508 | D:15     | Noticed Azrael
 22534 | D:15     | Killed Azrael
 22539 | D:15     | Your ally Azrael died
 22569 | D:15     | Killed Josephine
 22852 | D:15     | Found a staircase to the Depths.
 23008 | D:15     | Identified the +10 trident of Bodily Harmony {freeze,
                  | Stlth+}
 23178 | D:15     | Found a blossoming altar of Fedhas.
 23588 | D:14     | Identified the +9 ring mail of Day {SInv}
 23868 | D:14     | Found a frozen archway.
 23891 | IceCv    | Entered an ice cave
 24169 | IceCv    | Reached skill level 5 in Dodging
 24195 | IceCv    | Reached XP level 16. HP: 91/133 MP: 22/22
 24422 | IceCv    | Noticed a shard shrike
 24495 | IceCv    | Killed a shard shrike
 24941 | D:14     | Found a gate to the Vaults.
 24947 | D:14     | Reached skill level 16 in Armour
 25206 | D:13     | Got Sif Muna's Incunabulum of the Escort and Transformation
 25213 | D:13     | Found a transporter.
 25213 | D:13     | Found a transporter.
 25279 | D:13     | Noticed nickcage's ghost (journeyman DEIE)
 26052 | Elf:1    | Entered Level 1 of the Elven Halls
 27010 | Elf:1    | Reached skill level 15 in Fighting
 27164 | Elf:1    | Found Waf Osch's Assorted Antiques.
 27494 | Elf:1    | Paralysed by an air elemental for 1 turns
 27498 | Elf:1    | Paralysed by an air elemental for 1 turns
 27577 | Elf:2    | Reached XP level 17. HP: 131/142 MP: 23/23
 27969 | Elf:2    | Paralysed by an air elemental for 1 turns
 27975 | Elf:2    | Paralysed by an air elemental for 1 turns
 28189 | Elf:3    | Entered Level 3 of the Elven Halls
 28189 | Elf:3    | Found Carargh's General Store.
 28686 | Elf:3    | Cast into level 3 of the Abyss (a deep elf demonologist)
 28812 | Abyss:3  | Paralysed by an air elemental for 1 turns
 29018 | Abyss:3  | Found an iron altar of Okawaru.
 29029 | Abyss:3  | Noticed a bone dragon
 29266 | Abyss:3  | Noticed a Hell Sentinel
 29284 | Abyss:3  | HP: 9/213 [spatial maelstrom (2)]
 29285 | Abyss:3  | HP: 4/213 [raiju/living lightning (5)]
 29287 | Abyss:3  | Slain by a rakshasa

Illustrated notes

Levels and vault maps discovered:
D:1:      sevenhm_arrival_forest_fort_small_3, layout_basic
D:2:      layout_rooms, serial_shops, shop, basic_altar,
          shapermc_ecumenical_altar_notcrosses
D:3:      layout_rooms, nicolae_overflow_hidden_temple, uniq_natasha
D:4:      old_forge, layout_cave_pools, mainiacjoe_overflow_cross_hatched,
          minmay_temple_entry_junction, kennysheep_cross_room, uniq_menkaure
D:5:      layout_loops_ring, amcnicky_altar_gilded, lightli_corner_chamber
D:6:      layout_basic, serial_bayou_pond_e
D:7:      layout_rooms, minmay_the_grid_2x2 [minmay_the_grid_embedded,
          minmay_the_grid_stretched_grid, minmay_the_grid_tri_star,
          minmay_the_grid_prize_inner_circle], uniq_harold
D:8:      layout_cave_pods, grunt_decor_cap
D:9:      layout_gridville, yredelemnul_altar_generic,
          mainiacjoe_overflow_brackets, lemuel_round_altar, uniq_erolcha
D:10:     layout_roguey, grunt_lair_entry_orc_guard_hut, grunt_decor_one_mirror
D:11:     layout_loops_cross, ebering_ghost_gozag
D:12:     layout_gridville, minmay_orc_entry_guard_dogs,
          minmay_shop_enchanted_jewellery, uniq_psyche, uniq_fannar, uniq_urug
D:13:     layout_gridville, special_room [special_room_orc], nzn_ghost_randoct
D:14:     layout_long_grid, erik_vaults_1, chequers_serial_rivers_small_b,
          portal_ice_cave_entry_pillars_1
D:15:     gammafunk_enter_depths_forms, layout_loops_ring,
          fedhas_altar_fruit_tree, uniq_azrael, uniq_josephine
Lair:1:   layout_misc_corridors, grunt_megastairs_1, uniq_joseph
Lair:2:   layout_concentric_octagons, shoals_dummy_entry,
          minmay_snake_entry_guardpost_medium, nicolae_quartered_pool_medium,
          grunt_megastairs_2, lemuel_fruit_tree, serial_bayou_shore_b,
          lemuel_fruit_fields, serial_bayou_shore_b
Lair:3:   layout_chaotic_city, roderic_batcave, serial_bayou_shore_a
Lair:4:   layout_hall_layers, gauntlet_entry_generic, hibernation_bobbens,
          serial_bayou_shore_b
Lair:5:   layout_cave_pods, slime_dummy, grunt_megastairs_5
Lair:6:   evil_forest, layout_cave_pods
Orc:1:    layout_diamond_mine, ebering_ghost_reflecting_pool
Orc:2:    grunt_orc_tribal_feast, layout_diamond_mine, nooodl_orcs_dogs
Elf:1:    elf_arrival_002, layout_gridlike, serial_shops, shop,
          minmay_elf_crystal_heptagon
Elf:2:    nicolae_elf_blades_crystal_corner, layout_loops_cross,
          grunt_ministairs_10
Elf:3:    minmay_elf_hall_four_x, layout_geoelf_octagon, minmay_shop_grid_forest
Abyss:3:  base: D:15, evilmike_abyss_exit_kraken, base: Snake:4,
          gammafunk_corrupted_shrine, evilmike_abyss_exit_mutagenic,
          hangedman_abyss_theft, hangedman_abyss_theft,
          hangedman_classic_abyss_death, minivault_26,
          nicolae_abyss_rune_star_stuff,
          evilmike_nicolae_abyss_rune_betentacled_crabyss, minivault_28,
          hangedman_decor_points, serial_sigils_hangedman_quiver,
          evilmike_abyss_exit_kraken, hangedman_abyss_mock_shop

Skill      XL: |  1  2  3  4  5  6  7  8  9 10 11 12 13 14 15 16 |
---------------+-------------------------------------------------+-----
Throwing       | 2 5 7 9 |  9.9
Dodging        | 3 5 6 |  6.7
Long Blades    | 3 4 5 6 8 9 11 12 14 | 14.0
Armour         | 1 2 3 4 5 7 9 10 12 13 14 15 16 | 16.8
Fighting       | 3 4 5 6 7 8 9 11 12 14 15 | 15.4
Invocations    | 1 2 3 5 7 8 |  8.5
Evocations     | 4 6 7 |  7.8

Action                   |  1- 3 |  4- 6 |  7- 9 | 10-12 | 13-15 | 16-18 || total
-------------------------+-------+-------+-------+-------+-------+-------++-------
Melee: Long sword        |    78 |   104 |   206 |   189 |   907 |   556 ||  2040
       Headbutt          |       |       |    28 |    88 |   287 |   145 ||   548
       Punch             |       |       |     3 |     9 |    25 |    12 ||    49
       Falchion          |       |       |       |   239 |       |       ||   239
       Scimitar          |       |       |       |       |   102 |    37 ||   139
Throw: Throwing net      |     1 |       |       |     1 |     3 |     4 ||     9
       Stone             |       |     7 |     2 |    15 |       |       ||    24
       Dart              |       |       |     2 |    26 |    26 |    24 ||    78
       Javelin           |       |       |       |       |    41 |     8 ||    49
Invok: Dark Bargain      |       |       |       |       |       |     1 ||     1
Evoke: Wand              |       |       |       |    13 |     6 |       ||    19
       Box of beasts     |       |       |       |       |     4 |     1 ||     5
  Use: Scroll            |       |     4 |    14 |     3 |    20 |    11 ||    52
       Potion            |       |       |     2 |     2 |    20 |     9 ||    33
 Stab: Distracted        |       |     1 |     2 |     5 |     9 |     5 ||    22
Armor: Leather armour    |    25 |    15 |       |       |       |       ||    40
       Ring mail         |       |    11 |    69 |    36 |    11 |   420 ||   547
       Scale mail        |       |       |       |   161 |   535 |    20 ||   716
       Skin              |       |       |       |       |       |     9 ||     9
Dodge: Dodged            |    43 |    46 |   105 |   197 |   486 |   366 ||  1243
